 Dungeon Crawl Stone Soup version 0.26.1-15-g04117e645d (webtiles) character file.

Game seed: 14383748718945603959

25 Melum the Ruffian (level 2, 23/23 HPs)
             Began as a Draconian Transmuter on Jan 11, 2021.
             Quit the game on level 2 of the Dungeon on Oct 16, 2022.
             The game lasted 00:01:41 (887 turns).

Melum the Ruffian (Draconian Transmuter)             Turns: 887, Time: 00:01:42

Health: 23/23      AC:  4    Str: 12    XL:     2   Next: 86%
Magic:  5/5        EV: 12    Int: 13    God:
Gold:   87         SH:  0    Dex: 11    Spells: 2/5 levels left

rFire    + . .     SeeInvis .     - Unarmed
rCold    . . .     Faith    .   (no shield)
rNeg     . . .     Spirit   .   (armour unavailable)
rPois    .         Reflect  .   (helmet restricted)
rElec    .         Harm     .   (no cloak)
rCorr    .         Rampage  .   (no gloves)
Will     .....     Rnd*Tele +   (no boots)
Stlth    +.........             (no amulet)
HPRegen  0.07/turn              d - ring of teleportation (curse)
MPRegen  0.09/turn              h - ring of protection from fire

@: no status effects
A: unfitting armour, cold-blooded, AC +4
a: no special abilities


You were on level 2 of the Dungeon.
You visited 1 branch of the dungeon, and saw 2 of its levels.

You collected 87 gold pieces.

Inventory:

Jewellery
 d - a cursed ring of teleportation (left hand)
 h - a ring of protection from fire (right hand)
Scrolls
 b - a scroll of enchant armour {unknown}
 e - 3 scrolls of remove curse {unknown}
 f - 2 scrolls of fear {unknown}
 g - a scroll of magic mapping {unknown}
Potions
 a - 2 potions of curing {unknown}
 c - a potion of lignification {unknown}
 i - a potion of resistance {unknown}


   Skills:
 - Level 1.1 Fighting
 - Level 1.7 Dodging
 + Level 4.1 Unarmed Combat
 - Level 2.0 Spellcasting
 - Level 2.0 Transmutations


You had 2 spell levels left.
You knew the following spells:

 Your Spells              Type           Power        Failure   Level
a - Wereblood             Tmut           6%           17%         2
z - Beastly Appendage     Tmut           12%          11%         1

Your spell library contained the following spells:

 Spells                   Type           Power        Failure   Level
 Spider Form              Tmut/Pois      1%           45%         3
 Ice Form                 Ice/Tmut       3%           86%         4
 Blade Hands              Tmut           3%           97%         5


Dungeon Overview and Level Annotations

Branches:
Dungeon (2/15)

Altars:


Innate Abilities, Weirdness & Mutations

Your plain brown scales are hard. (AC +4)
You cannot fit into any form of body armour.
You are cold-blooded and may be slowed by cold attacks.


Message History

No target in view!
Things that are here:
a +0 short sword; a kobold corpse You see here a ball python corpse.
You see here a +0 dagger.
Things that are here:
a +0 whip; 3 stones You see here a stone.
You see here a stone.
Done exploring.
Done exploring.
You see here a stone.
You see here a stone.
Things that are here:
a +0 whip; 3 stones
There is a stone staircase leading down here.
Welcome back, Melum the Draconian Transmuter.
Press ? for a list of commands and other information.
Found a stone staircase leading up.
Are you sure you want to abandon this character and quit the game? (Confirm with "yes".) ## .. ##.### #...@# #..### #. #

There were no monsters in sight!

Vanquished Creatures
  A ball python (D:1)
  3 goblins (D:1)
  4 hobgoblins (D:1)
  5 jackals (D:1)
  2 bats (D:1)
  2 frilled lizards (D:1)
  5 kobolds (D:1)
  2 rats (D:1)
24 creatures vanquished.

Notes
Turn   | Place    | Note
-------+----------+-------------------------------------------
     0 | D:1      | Melum the Draconian Transmuter began the quest for the Orb.
     0 | D:1      | Reached XP level 1. HP: 16/16 MP: 3/3
   290 | D:1      | Reached XP level 2. HP: 23/23 MP: 3/5
   304 | D:1      | Learned a level 2 spell: Wereblood
   629 | D:1      | Reached skill level 4 in Unarmed Combat
   887 | D:2      | Upgraded the game from 0.26.0-7-g794d0892b4 to
                  | 0.26.1-15-g04117e645d
   887 | D:2      | Quit the game

Illustrated notes

Levels and vault maps discovered:
D:1:      amcnicky_arrival_choice, layout_loops_cross, minivault_27,
          corexii_item_surrounded_by_moat
D:2:      layout_basic, lemuel_crystal_altar

Skill      XL: |  1  2 |
---------------+-------+-----
Unarmed Combat | 4 |  4.1
Fighting       | |  1.1
Dodging        | |  1.7
Spellcasting   | |  2.0
Transmutations | |  2.0

Action                   || total
-------------------------++-------
Melee: Unarmed           ||    55
       Tailslap          ||     7
       Headbutt          ||     4
       Kick              ||     7
       Punch             ||     2
 Cast: Beastly Appendage ||     3
       Wereblood         ||     1
 Stab: Sleeping          ||     1
Armor: Skin              ||    10
Dodge: Dodged            ||    30
